 Dungeon Crawl Stone Soup version 0.20-a0-839-gdaf5c57 (webtiles) character file.

14361 HEYYEYAAE the Fighter (level 12, 0/62 HPs)
             Began as a Vine Stalker Chaos Knight on Mar 8, 2017.
             Slain by a minotaur
             ... wielding a +2 long sword of holy wrath
              (7 damage)
             ... in a labyrinth.
             The game lasted 00:21:01 (9887 turns).

HEYYEYAAE the Fighter (Vine Stalker Chaos Knight)   Turns: 9887, Time: 00:21:01

Health: 0/62       AC: 22    Str: 21    XL:     12   Next: 15%
Magic:  0/33       EV: 17    Int: 12    God:    Xom [.....*]
Gold:   731        SH:  0    Dex: 24    Spells: 26/26 levels left

rFire    + . .     SeeInvis +   a - +0 spear (chaos)
rCold    . . .     Gourm    .   A - +0 ring mail of the Dice {rElec rF+ Dex+4}
rNeg     . . .     Faith    .   (no shield)
rPois    +         Spirit   +   (no helmet)
rElec    +         Reflect  .   y - +2 cloak
rCorr    .         Harm     +   h - +0 pair of gloves {Str+3}
MR       +....     Clarity  +   e - +2 pair of boots
Stlth    +.........             D - amulet of harm
Regen    1.0/turn               u - ring of magical power
MPRegen  0.3/turn               d - +4 ring of protection

@: no status effects
A: fangs 3, iridescent scales 1, slimy green scales 1, see invisible, clarity,
frail 1, poison resistance, regeneration 2, strong 2, magic shield, antimagic
bite, no potion heal 3, rot immunity
a: Renounce Religion


You were in a labyrinth.
You worshipped Xom.
You were Xom's teddy bear.
You were not hungry.

You visited 1 branch of the dungeon, and saw 12 of its levels.
You also visited: Labyrinth and Sewer.

You collected 731 gold pieces.

Inventory:

Hand Weapons
 a - a +0 spear of chaos (weapon)
 f - a +0 shortbow
Missiles
 o - 159 arrows
 p - 53 bolts
Armour
 e - a +2 pair of boots (worn)
 h - a +0 pair of gloves of strength (worn)
 y - a +2 cloak (worn)
 A - the +0 ring mail of the Dice (worn) {rElec rF+ Dex+4}
   (You found it on level 8 of the Dungeon)

   It affects your dexterity (+4).
   It protects you from fire.
   It insulates you from electricity.
Jewellery
 d - a +4 ring of protection (left hand)
 g - an uncursed ring of positive energy
 t - an uncursed amulet of faith
 u - a ring of magical power (right hand)
 D - an amulet of harm (around neck)
 E - a +4 ring of intelligence
Wands
 B - a wand of iceblast (0/15)
 C - a wand of acid (0/15)
Scrolls
 j - 4 scrolls of remove curse
 m - 3 scrolls of immolation
 n - 3 scrolls of fog
 r - a scroll of enchant weapon
 w - 4 scrolls of identify
 x - a scroll of enchant armour
 J - a scroll of silence
 K - a scroll of vulnerability
Potions
 b - a potion of magic
 i - 2 potions of brilliance
 k - 3 potions of curing
 s - 2 potions of heal wounds
 v - 4 potions of flight
Books
 H - a book of Cantrips

   Spells                             Type                      Level
   a - Confusing Touch                Hexes                        1
   b - Animate Skeleton               Necromancy                   1
   c - Summon Small Mammal            Summoning                    1
   d - Apportation                    Translocation                1
Comestibles
 c - 8 bread rations
 l - a meat ration
 q - 9 fruits


   Skills:
 * Level 10.6 Fighting
 - Level 2.6 Polearms
 * Level 6.8 Bows
 + Level 7.1 Armour
 + Level 6.8 Dodging
 + Level 7.7 Spellcasting


You had 26 spell levels left.
You didn't know any spells.

Dungeon Overview and Level Annotations

Branches:
Dungeon (12/15)            Temple (0/1) D:7            Lair (0/6) D:10
    Orc: D:9-12

Altars:
Ashenzari
Dithmenos
Elyvilon
Kikubaaqudgha
Nemelex Xobeh
Okawaru
Qazlal
Ru
Sif Muna
Trog
Uskayaw
Vehumet
Wu Jian
Xom
Zin

Shops:
D:7 %

Annotations:
D:10 exclusion: oklob plant


Innate Abilities, Weirdness & Mutations

You have razor-sharp teeth.
You heal very quickly.
When hurt, damage is shared between your health and your magic reserves.
Your bite disrupts and absorbs the magic of your enemies.
Potions cannot restore your health.
You are immune to rotting.
You are partially covered in iridescent scales. (AC +2)
You are partially covered in slimy green scales. (AC +2)
You have supernaturally acute eyesight. (SInv)
You possess an exceptional clarity of mind.
You are frail. (-10% HP)
Your system is resistant to poisons. (rPois)
Your muscles are very strong. (Str +4)


Message History

Aim: a minotaur, wielding a long sword of holy wrath, wearing a plate armour, wearing a large shield and wearing a crude turquoise ring You reach to attack!
You hit the minotaur but do no damage.
The minotaur goes berserk!
The minotaur completely misses you.
The minotaur gores you but does no damage.
The minotaur hits you with a long sword of holy wrath!
The minotaur misses you.
The minotaur hits you with a long sword of holy wrath!!
The minotaur gores you!!
* * * LOW HITPOINT WARNING * * *
Okay, then.
The minotaur closely misses you. The minotaur completely misses you.
Okay, then.
Okay, then.
The minotaur hits you with a long sword of holy wrath.
* * * LOW HITPOINT WARNING * * *
The minotaur gores you but does no damage. "Serve the toy, my child!"
The minotaur completely misses you. The minotaur gores you!
You die...
Xom snickers!

# .###. .###
#.# .#.. ##.#.#
###.# ..# ...
..# ## .###.#
#.### ... ...#
#...# #####.#
#.#####5.##
.....
.........H..#
### #
.#########@.#
#....#8.8}8=
#..# #
#..'...... #.##
# ...#8.8:8รท
#..# # ##
#.#########..#.
# ...... .. .
#.....# #####.
.# #.###.#.# #
.....#
#.....#.# # .
## ###. #### #


You could see a minotaur (berserk) and a friendly iron imp.

Vanquished Creatures
  Erolcha (D:9)
  Erica (D:8)
  5 two-headed ogres
  An orc knight (D:11)
  A phantasmal warrior (D:10)
  A cyclops (D:11)
  A manticore (D:11)
  A gargoyle (D:11)
  2 centaur skeletons (D:11)
  2 hippogriffs
  5 yaks (D:9)
  A steam dragon (D:10)
  A warg (D:5)
  The ghost of dvd the Insei, an amateur OpTm of Cheibriados (D:3)
  A soldier ant (D:11)
  A water moccasin (D:10)
  4 ice beasts
  3 orc warriors
  2 eyes of draining
  A necrophage (D:10)
  5 sky beasts
  3 ogres
  2 phantoms
  7 centaurs
  4 big kobolds
  2 crocodiles
  Dowan (D:5)
  4 bullfrogs
  A gnoll sergeant (D:6)
  A wyvern skeleton (D:8)
  3 scorpions
  A water moccasin skeleton (D:7)
  9 wights
  3 howler monkeys
  9 crimson imps
  2 bullfrog skeletons
  A hound (shapeshifter) (D:7)
  3 hounds
  2 jellies
  3 centaur zombies
  7 orc priests
  Crazy Yiuf (D:6)
  A gnoll shaman (D:8)
  Ijyb (D:2)
  9 worker ants
  An iguana (D:4)
  11 orc wizards
  A worker ant (shapeshifter) (D:11)
  A hound skeleton (D:4)
  13 adders
  18 gnolls
  A howler monkey skeleton (D:7)
  A river rat (Sewer)
  2 shadow imps
  A white imp (D:12)
  An ufetubus (D:8)
  An ooze (D:2)
  An adder zombie (D:5)
  3 worms
  3 dart slugs
  7 leopard geckos
  48 orcs
  2 giant cockroaches (D:3)
  6 goblins
  5 hobgoblins
  4 jackals
  21 kobolds
  5 quokkas
  2 ball pythons
  8 bats
  5 frilled lizards
  A leopard gecko zombie (D:6)
  2 quokka skeletons
  13 rats
309 creatures vanquished.

Vanquished Creatures (collateral kills)
  An orc (D:11)
1 creature vanquished.

Vanquished Creatures (others)
  A dancing weapon (D:11)
  An ogre (D:7)
  A phantom (D:6)
  A wolf (D:6)
  An orc priest (D:5)
  An orc wizard (D:6)
  A fire vortex (D:11)
  A plant (D:10)
8 creatures vanquished.

Grand Total: 318 creatures vanquished

Notes
Turn   | Place    | Note
-------+----------+-------------------------------------------
     0 | D:1      | HEYYEYAAE the Vine Stalker Chaos Knight began the quest for the Orb.
     0 | D:1      | Reached XP level 1. HP: 11/11 MP: 2/2
     9 | D:1      | XOM: potion effect (haste)
    12 | D:1      | XOM: harmless Tloc miscast
    70 | D:1      | Reached skill level 1 in Dodging
   107 | D:1      | Reached XP level 2. HP: 9/16 MP: 1/3
   161 | D:1      | Reached skill level 3 in Fighting
   296 | D:1      | XOM: harmless Pois miscast
   549 | D:2      | Reached XP level 3. HP: 20/20 MP: 4/4
   583 | D:2      | Noticed Ijyb
   583 | D:2      | XOM: divination: detect creatures
   603 | D:2      | Killed Ijyb
   603 | D:2      | Reached skill level 1 in Spellcasting
   603 | D:2      | Gained mutation: Your natural rate of healing is unusually fast. [Vine Stalker growth]
   603 | D:2      | Reached XP level 4. HP: 22/24 MP: 4/6
  1486 | D:2      | XOM: divination: detect creatures
  1533 | D:3      | Found a shadowy altar of Dithmenos.
  1555 | D:3      | Found a white marble altar of Elyvilon.
  1732 | D:3      | XOM: harmless Fire miscast
  1759 | D:3      | Found a deep blue altar of Sif Muna.
  1811 | D:3      | Reached XP level 5. HP: 29/29 MP: 8/8
  1850 | D:3      | Reached skill level 4 in Fighting
  1923 | D:3      | Noticed dvd's ghost (amateur OpTm)
  1933 | D:3      | Killed dvd's ghost
  1933 | D:3      | Reached XP level 6. HP: 29/34 MP: 7/10
  2024 | D:3      | Found a glowing drain.
  2028 | Sewer    | Entered a sewer
  2145 | Sewer    | Found a glowing silver altar of Zin.
  2583 | D:3      | Reached XP level 7. HP: 19/38 MP: 6/11
  2720 | D:4      | XOM: god gift: scroll labeled CALIRA XAOWKYNN {god gift}
  2820 | D:4      | Found a bloodstained altar of Trog.
  2874 | D:4      | Reached skill level 5 in Fighting
  2989 | D:4      | XOM: divination: detect creatures
  3115 | D:5      | Entered Level 5 of the Dungeon
  3192 | D:5      | XOM: cleaving
  3266 | D:5      | XOM: enchant monster (bad)
  3291 | D:5      | XOM: smoke on damage
  3315 | D:5      | Gained mutation: You have razor-sharp teeth. [Vine Stalker growth]
  3315 | D:5      | Reached XP level 8. HP: 5/44 MP: 12/14
  3327 | D:5      | Noticed Dowan
  3341 | D:5      | XOM: harmless Air miscast
  3540 | D:5      | XOM: polymorph dart slug -> gnoll
  3543 | D:5      | Reached skill level 6 in Fighting
  3551 | D:5      | XOM: noise
  3565 | D:5      | XOM: cleaving
  3662 | D:4      | XOM: give mutation
  3662 | D:4      | Gained mutation: You occasionally shout uncontrollably at your foes. [Xom's mischief]
  3706 | D:5      | Noticed Duvessa
  3806 | D:5      | XOM: enchant monster (bad)
  3899 | D:5      | Noticed Duvessa
  3899 | D:5      | Duvessa changed into Duvessa the warg
  3985 | D:5      | XOM: harmless Erth miscast
  4023 | D:5      | XOM: potion effect (agility)
  4025 | D:5      | Killed Duvessa the warg
  4093 | D:6      | Found a hide-covered altar of Uskayaw.
  4161 | D:6      | XOM: noise
  4206 | D:6      | XOM: 4-stop teleportation journey
  4265 | D:5      | Killed Dowan
  4272 | D:5      | XOM: enchant monster (good)
  4281 | D:5      | Reached skill level 7 in Fighting
  4281 | D:5      | Reached XP level 9. HP: 37/50 MP: 14/16
  4376 | D:5      | Noticed Edmund
  4379 | D:5      | Noticed Edmund
  4379 | D:5      | Edmund changed into Edmund the bullfrog
  4383 | D:5      | Killed Edmund the bullfrog
  4415 | D:5      | XOM: harmless Ice miscast
  4422 | D:5      | Found a bloodstained altar of Trog.
  4455 | D:6      | Found an iron altar of Okawaru.
  4455 | D:6      | Found a sacrificial altar of Ru.
  4459 | D:6      | Found a glowing silver altar of Zin.
  4461 | D:6      | Found a stormy altar of Qazlal.
  4462 | D:6      | Found a shattered altar of Ashenzari.
  4479 | D:6      | Found a sparkling altar of Nemelex Xobeh.
  4596 | D:6      | Reached skill level 5 in Spellcasting
  4608 | D:6      | XOM: scenery: create altars
  4697 | D:6      | XOM: give mutations
  4697 | D:6      | Gained mutation: Your muscles are strong. (Str +2) [Xom's grace]
  4697 | D:6      | Gained mutation: You are partially covered in iridescent scales. (AC +2) [Xom's grace]
  4842 | D:6      | XOM: polymorph ogre -> sky beast
  4874 | D:6      | XOM: polymorph ogre -> wolf
  4887 | D:6      | XOM: divine lightning
  5009 | D:6      | Found a runed door.
  5013 | D:6      | Noticed Crazy Yiuf
  5021 | D:6      | Killed Crazy Yiuf
  5105 | D:7      | Reached skill level 5 in Armour
  5111 | D:7      | Found Koasiedi's Food Shoppe.
  5184 | D:7      | Found an ancient bone altar of Kikubaaqudgha.
  5188 | D:7      | Reached skill level 8 in Fighting
  5191 | D:7      | XOM: cleaving
  5196 | D:7      | XOM: divine lightning
  5400 | D:7      | Reached skill level 5 in Dodging
  5428 | D:7      | Reached skill level 1 in Bows
  5485 | D:7      | XOM: fog
  5500 | D:7      | Found a staircase to the Ecumenical Temple.
  5515 | D:7      | XOM: 4-stop teleportation journey
  5639 | D:7      | XOM: 8-stop teleportation journey
  5824 | D:7      | XOM: give mutations
  5824 | D:7      | Gained mutation: Your muscles are very strong. (Str +4) [Xom's grace]
  5824 | D:7      | Gained mutation: You have a pair of small horns on your head. [Xom's grace]
  5881 | D:7      | Found an ornate altar of the Wu Jian Council.
  5963 | D:7      | Noticed a two-headed ogre
  5976 | D:7      | Killed a two-headed ogre
  5976 | D:7      | Reached XP level 10. HP: 23/57 MP: 7/20
  6161 | D:8      | XOM: chaos upgrade
  6284 | D:8      | XOM: give mutations
  6284 | D:8      | Gained mutation: Your system is resistant to poisons. (rPois) [Xom's mischief]
  6284 | D:8      | Lost mutation: You have a pair of small horns on your head. [Xom's mischief]
  6284 | D:8      | Gained mutation: Your magical capacity is low. (-10% MP) [Xom's mischief]
  6307 | D:8      | Noticed a two-headed ogre
  6308 | D:8      | XOM: swap monsters
  6318 | D:8      | Killed a two-headed ogre
  6340 | D:8      | Reached skill level 9 in Fighting
  6411 | D:8      | XOM: 3-stop teleportation journey
  6533 | D:8      | Noticed Erica
  6538 | D:8      | XOM: harmless Erth miscast
  6544 | D:8      | Identified a scroll of acquirement
  6550 | D:8      | Killed Erica
  6576 | D:8      | Got a steaming ring mail
  6587 | D:8      | Identified the cursed +0 ring mail of the Dice {rElec rF+ Dex+4} (You found it on level 8 of the Dungeon)
  6770 | D:8      | XOM: divination: detect items
  6862 | D:8      | XOM: divination: magic mapping
  6905 | D:8      | XOM: smoke on damage
  6907 | D:8      | XOM: potion effect (invisibility)
  7064 | D:9      | Noticed Erolcha
  7067 | D:9      | Lost mutation: You occasionally shout uncontrollably at your foes. [potion of mutation]
  7067 | D:9      | Lost mutation: Your magical capacity is low. (-10% MP) [potion of mutation]
  7067 | D:9      | Gained mutation: You are frail. (-10% HP) [potion of mutation]
  7067 | D:9      | Gained mutation: You are partially covered in slimy green scales. (AC +2) [potion of mutation]
  7129 | D:9      | XOM: scenery: create altars
  7163 | D:9      | XOM: cast spell 'Disjunction'
  7183 | D:9      | Killed Erolcha
  7183 | D:9      | Reached XP level 11. HP: 55/55 MP: 20/22
  7222 | D:9      | XOM: potion effect (brilliance)
  7232 | D:9      | Reached skill level 5 in Bows
  7399 | D:9      | Noticed a two-headed ogre
  7404 | D:9      | Killed a two-headed ogre
  7450 | D:9      | XOM: divination: magic mapping
  7499 | D:9      | Noticed a two-headed ogre
  7502 | D:9      | Noticed a deep troll
  7502 | D:9      | a two-headed ogre changed into a deep troll
  7505 | D:9      | XOM: butterfly on damage
  7563 | D:9      | XOM: harmless Pois miscast
  7625 | D:9      | XOM: 2-stop teleportation journey
  7996 | D:10     | Entered Level 10 of the Dungeon
  8080 | D:10     | XOM: cast spell 'Leda's Liquefaction'
  8169 | D:10     | XOM: blink monster(s)
  8218 | D:10     | Noticed an oklob plant
  8219 | D:10     | Found a staircase to the Lair.
  8227 | D:10     | XOM: summons friendly crimson imp
  8463 | D:10     | Reached skill level 10 in Fighting
  8598 | D:10     | XOM: polymorph iguana -> steam dragon
  8714 | D:10     | Noticed a two-headed ogre
  8722 | D:10     | Killed a two-headed ogre
  8853 | D:11     | Noticed a skeletal warrior
  8857 | D:11     | Noticed a death knight
  8857 | D:11     | Noticed a phantasmal warrior
  8905 | D:10     | Killed a phantasmal warrior
  8987 | D:11     | Noticed a manticore
  8991 | D:11     | XOM: confuse monster(s)
  8992 | D:11     | XOM: swap monsters
  9009 | D:11     | Killed a manticore
  9009 | D:11     | XOM: confusion (+ monsters)
  9012 | D:11     | XOM: noise
  9013 | D:11     | Noticed a two-headed ogre
  9016 | D:11     | XOM: confuse monster(s)
  9020 | D:11     | Noticed a cyclops
  9033 | D:11     | HP: 1/57 [something (9)]
  9034 | D:11     | Killed a cyclops
  9037 | D:11     | Killed a two-headed ogre
  9222 | D:11     | XOM: swap monsters
  9236 | D:10     | XOM: cleaving
  9244 | D:10     | XOM: mild Hex miscast
  9246 | D:10     | Gained mutation: You heal very quickly. [Vine Stalker growth]
  9246 | D:10     | Reached XP level 12. HP: 14/61 MP: 11/24
  9357 | D:11     | XOM: enchant monster (bad)
  9365 | D:11     | XOM: potion effect (invisibility)
  9405 | D:10     | XOM: harmless Necr miscast
  9434 | D:11     | XOM: confusion
  9440 | D:11     | XOM: mild Tmut miscast
  9441 | D:11     | XOM: divination: magic mapping
  9524 | D:11     | XOM: mild Pois miscast
  9552 | D:11     | XOM: chaos upgrade
  9558 | D:11     | XOM: cleaving
  9600 | D:12     | XOM: fog
  9621 | D:12     | XOM: cast spell 'Dispersal'
  9622 | D:12     | XOM: give mutations
  9622 | D:12     | Gained mutation: You have supernaturally acute eyesight. (SInv) [Xom's grace]
  9622 | D:12     | Gained mutation: You possess an exceptional clarity of mind. [Xom's grace]
  9669 | D:12     | XOM: 1-stop teleportation journey
  9704 | D:12     | Found a labyrinth entrance.
  9707 | D:12     | Found a radiant altar of Vehumet.
  9717 | Lab      | Entered a labyrinth
  9759 | Lab      | XOM: 2-stop teleportation journey
  9810 | Lab      | Noticed a minotaur
  9812 | Lab      | XOM: divine lightning
  9816 | Lab      | XOM: smoke on damage
  9868 | Lab      | XOM: polymorph minotaur -> minotaur
  9880 | Lab      | HP: 2/62 [minotaur/long sword of holy wrath (20)]
  9886 | Lab      | XOM: summons friendly iron imp
  9887 | Lab      | Slain by a minotaur

Vault maps used:
D:1:      lightli_arrival_statue_moat
D:2:      kennysheep_big_flooded_room, first_bread, uniq_iyjb
D:3:      elyvilon_altar_5, nicolae_overflow_hidden_temple,
          gup_sewer_entry_spiral, lemuel_blue_sif_altar
D:4:      trog_butcher_becter
D:5:      lightli_temple_of_fire, uniq_duvessa, uniq_edmund
D:6:      nemelex_xobeh_ov_fountains_minmay, grunt_temple_overflow_open,
          kennysheep_little_box, grunt_potential, uniq_crazy_yiuf_cottage
D:7:      lemuel_crystal_altar, kiku_gazebo_garden_becter, temple_fountains,
          serial_shops, shop_fountains
D:8:      uniq_erica
D:9:      uniq_erolcha
D:10:     dpeg_oklobed_lair
D:11:     minmay_wavy_crystal
D:12:     orc_0_dummy, basic_altar, lab_entry_generic, grunt_livestock,
          minmay_nine_imps
Lab:      nicolae_lab_dead_adventurers, nicolae_lab_quarters,
          labyrinth_skeletal_remains, nicolae_lab_lava, nicolae_lab_stuck,
          nicolae_lab_dead_end, nicolae_lab_very_dead_end, nicolae_lab_do_over
Sewer:    sewer_kobolds

Skill      XL: |  1  2  3  4  5  6  7  8  9 10 11 12 |
---------------+-------------------------------------+-----
Dodging        | 1 2 3 4 5 6 |  6.8
Fighting       | 3 4 5 7 8 9 10 | 10.6
Armour         | 2 3 4 5 6 7 |  7.1
Spellcasting   | 1 2 3 4 6 7 |  7.7
Bows           | 2 4 6 |  6.8
Polearms       | |  2.6

Action                   |  1- 3 |  4- 6 |  7- 9 | 10-12 || total
-------------------------+-------+-------+-------+-------++-------
Melee: Spear             |    87 |   242 |   605 |   590 ||  1524
       Bite              |    13 |    47 |   189 |   272 ||   521
       Headbutt          |       |       |     3 |    13 ||    16
Evoke: Wand              |       |       |     3 |    10 ||    13
  Use: Potion            |       |     2 |     7 |     7 ||    16
       Scroll            |       |       |    15 |     9 ||    24
 Stab: Sleeping          |     2 |     4 |       |     1 ||     7
       Petrifying        |     1 |       |     3 |     1 ||     5
       Distracted        |       |     1 |       |       ||     1
       Paralysed         |       |       |     4 |     9 ||    13
       Confused          |       |       |     1 |     4 ||     5
       Invisible         |       |       |       |     3 ||     3
  Eat: Royal jelly       |       |     1 |       |     1 ||     2
       Chunk             |       |     3 |     8 |     9 ||    20
       Bread ration      |       |       |     1 |       ||     1
       Fruit             |       |       |       |     3 ||     3
Armor: Leather armour    |    31 |    89 |   260 |    25 ||   405
       Skin              |       |     1 |       |       ||     1
       Ring mail         |       |       |       |   157 ||   157
Dodge: Dodged            |    36 |   113 |   340 |   340 ||   829
